 Dungeon Crawl Stone Soup version 0.29-a0-914-g906f1d757c (webtiles) character file.

Game seed: 9503306674815173027

2993 ketsa the Destroyer (level 9, -5/51 HPs)
             Began as a Deep Elf Conjurer on July 26, 2022.
             Shot with an arrow by a centaur (14 damage)
             ... on level 8 of the Dungeon.
             The game lasted 00:37:11 (8561 turns).

ketsa the Destroyer (Deep Elf Conjurer)             Turns: 8561, Time: 00:37:11

Health: -5/51      AC:  6    Str:  4    XL:     9   Next: 54%
Magic:  9/17       EV: 14    Int: 28    God:
Gold:   322        SH:  0    Dex: 13    Spells: 5/16 levels left

rFire   . . .      SeeInvis .   u - +0 dagger
rCold   + . .      Faith    .   (no shield)
rNeg    . . .      Spirit   .   q - +2 robe {rC+}
rPois   .          Reflect  .   (no helmet)
rElec   .          Harm     .   (no cloak)
rCorr   .          Rampage  .   (no gloves)
Will    .....                   m - +1 pair of boots
Stlth   +++.......              (no amulet)
HPRegen 0.17/turn               l - +4 ring of slaying
MPRegen 0.15/turn               (no ring)

@: very slightly contaminated
A: no striking features
a: no special abilities


You were on level 8 of the Dungeon.
You visited 2 branches of the dungeon, and saw 9 of its levels.

You collected 322 gold pieces.

Inventory:

Hand Weapons
 u - a +0 dagger (weapon)
Missiles
 d - 2 boomerangs
Armour
 a - a +0 robe
 m - a +1 pair of boots (worn)
 q - a +2 robe of cold resistance (worn)
Jewellery
 j - a ring of magical power
 l - a +4 ring of slaying (left hand)
Scrolls
 f - 5 scrolls of teleportation
 g - a scroll of noise {unknown}
 h - 3 scrolls of fog
 i - a scroll of enchant armour {unknown}
 k - 2 scrolls of fear {unknown}
 n - 3 scrolls of blinking
 o - 2 scrolls of enchant weapon {unknown}
 p - 2 scrolls of silence
 r - 2 scrolls of magic mapping {unknown}
 s - 2 scrolls of vulnerability {unknown}
 v - a scroll of summoning {unknown}
 x - a scroll of identify
Potions
 c - a potion of attraction
 e - 2 potions of lignification
 t - a potion of curing
 w - a potion of mutation
 z - a potion of cancellation {unknown}
 A - a potion of brilliance {unknown}


   Skills:
 + Level 3.3 Fighting
 - Level 6.6 Dodging
 - Level 7.2 Stealth
 - Level 4.3 Spellcasting
 + Level 9.9 Conjurations
 - Level 5.3 Hexes
 - Level 4.0 Translocations


You had 5 spell levels left.
You knew the following spells:

 Your Spells              Type           Power      Damage    Failure   Level
a - Magic Dart            Conj           100%       1d8       1%          1
b - Searing Ray           Conj           100%       2d8       1%          2
c - Fulminant Prism       Conj/Hex       24%        3d13      3%          4
d - Iskenderun's Mystic   Conj/Tloc      45%        2d10      4%          4

Your spell library contained the following spells:

 Spells                   Type           Power      Damage    Failure   Level
 Shock                    Conj/Air       100%       1d9       1%          1
 Dazzling Flash           Conj/Hex       96%        N/A       1%          3
 Beastly Appendage        Tmut           12%        N/A       7%          1
 Wereblood                Tmut           6%         N/A       11%         2
 Spider Form              Tmut/Pois      6%         N/A       22%         3
 Swiftness                Air            6%         N/A       22%         3
 Airstrike                Air            3%         0-2+      58%         4


Dungeon Overview and Level Annotations

Branches:
Dungeon (8/15)             Temple (1/1) D:4
   Lair: D:8-11

Altars:
Ashenzari
Cheibriados
Dithmenos
Fedhas
Gozag
Hepliaklqana
Kikubaaqudgha
Makhleb
Nemelex Xobeh
Qazlal
Ru
Sif Muna
Trog
Uskayaw
Wu Jian
Xom
Yredelemnul
Zin
The Shining One

Shops:
D:1 [

Annotations:
D:3 exclusion: orc wizard
D:4 exclusion: orc wizard


Message History

Press: ? - help, Shift-Dir - straight line, f/p - centaur
Aim: a centaur, wielding a +0 shortbow and wearing a +0 robe (severely wounded, 90% to hit)
The searing ray hits the centaur!
You kill the centaur! (Press . to maintain the ray.)
A centaur comes into view. It is wielding a +0 shortbow.
You feel better.
The centaur shoots an arrow.
The arrow hits you.
* * * LOW HITPOINT WARNING * * *
The centaur shoots an arrow.
The arrow hits you.
* * * LOW HITPOINT WARNING * * *
Casting: Searing Ray (safe; 1% risk of failure)
Confirm with . or Enter, or press ? or * to list all spells.
Aiming: Fulminant Prism (dangerous; 3% risk of failure)
Press: ? - help, Dir - move target You conjure a prism of explosive energy!
A fulminant prism comes into view.
The centaur shoots an arrow.
The arrow hits your fulminant prism!
The centaur shoots an arrow.
The arrow hits your fulminant prism!
Your fulminant prism detonates feebly.
Casting: Fulminant Prism (dangerous; 3% risk of failure)
Confirm with . or Enter, or press ? or * to list all spells.
You don't have enough magic to cast this spell.
Magic courses through your body.
The centaur shoots an arrow.
The arrow barely misses you.
Casting: Fulminant Prism (dangerous; 3% risk of failure)
Confirm with . or Enter, or press ? or * to list all spells.
Aiming: Fulminant Prism (dangerous; 3% risk of failure)
Press: ? - help, Dir - move target You conjure a prism of explosive energy!
A fulminant prism comes into view.
The centaur shoots an arrow.
The arrow hits your fulminant prism!
Your fulminant prism detonates feebly.
Casting: Fulminant Prism (dangerous; 3% risk of failure)
Confirm with . or Enter, or press ? or * to list all spells.
Aiming: Fulminant Prism (dangerous; 3% risk of failure)
Press: ? - help, Dir - move target You miscast Fulminant Prism.
You are very lightly contaminated with residual magic.
Nothing appears to happen.
The centaur shoots an arrow.
The arrow hits you!
You die...

#########
#..@.c..#
#.#####)#
#.# #.#
#.# #.'
#.# #.'.
#.# ###≈.
#.# ≈..
#.# ≈S..
#.# ≈≈..


You could see a centaur.

Vanquished Creatures
  A wraith (D:7)
  A steam dragon (D:6)
  2 water moccasins
  2 sky beasts
  2 ice beasts
  An orc warrior (D:7)
  3 black bears (D:6)
  An ogre (D:5)
  4 centaurs
  3 phantoms
  2 bullfrogs
  A necrophage (D:5)
  2 scorpions (D:6)
  4 howler monkeys
  3 hounds
  3 jellies
  A gnoll bouda (D:4)
  4 orc priests
  Jessica (D:3)
  2 iguanas
  3 orc wizards
  5 gnolls (D:4)
  5 adders
  2 shadow imps
  A worm (D:4)
  2 dart slugs
  22 orcs
  4 endoplasms
  4 giant cockroaches
  6 goblins
  6 hobgoblins
  3 jackals (D:1)
  3 quokkas
  6 ball pythons
  3 bats (D:1)
  4 frilled lizards
  5 kobolds
  7 rats
134 creatures vanquished.

Vanquished Creatures (others)
  24 fulminant prisms
  2 plants (D:3)
26 creatures vanquished.

Grand Total: 160 creatures vanquished

Notes
Turn   | Place    | Note
-------+----------+-------------------------------------------
     0 | D:1      | ketsa the Deep Elf Conjurer began the quest for the Orb.
     0 | D:1      | Reached XP level 1. HP: 10/10 MP: 6/6
   100 | D:1      | Found a faded altar of an unknown god.
   156 | D:1      | Reached XP level 2. HP: 15/15 MP: 1/8
   246 | D:1      | Found Doqiho's Antique Armour Emporium.
   437 | D:1      | Reached skill level 5 in Conjurations
   729 | D:1      | Reached XP level 3. HP: 19/19 MP: 8/10
   790 | D:1      | Learned a level 2 spell: Searing Ray
  1848 | D:3      | Noticed Jessica
  1851 | D:3      | Killed Jessica
  1852 | D:3      | Reached XP level 4. HP: 24/24 MP: 8/12
  1963 | D:3      | Found an ornate altar of the Wu Jian Council.
  2381 | D:4      | Reached skill level 1 in Hexes
  2740 | D:4      | Reached XP level 5. HP: 28/28 MP: 6/13
  3496 | D:4      | Found a glowing silver altar of Zin.
  3496 | D:4      | Found a glowing golden altar of the Shining One.
  3504 | D:4      | Found a faded altar of an unknown god.
  3506 | D:4      | Found a faded altar of an unknown god.
  3508 | D:4      | Found a broken altar of Ashenzari.
  3546 | D:4      | Reached skill level 6 in Conjurations
  3546 | D:4      | Reached XP level 6. HP: 25/32 MP: 9/14
  3667 | D:5      | Entered Level 5 of the Dungeon
  3724 | D:5      | Found a burning altar of Makhleb.
  3823 | D:5      | Reached skill level 5 in Hexes
  4015 | D:5      | Found a shimmering blue altar of Sif Muna.
  4111 | D:5      | Reached skill level 7 in Conjurations
  4440 | D:5      | Reached XP level 7. HP: 36/36 MP: 9/15
  4636 | D:5      | Reached skill level 8 in Conjurations
  4742 | D:5      | Found a hazy altar of Hepliaklqana.
  5082 | D:6      | Reached skill level 9 in Conjurations
  5317 | D:6      | Reached XP level 8. HP: 41/41 MP: 7/16
  5386 | D:6      | Found a sparkling altar of Nemelex Xobeh.
  5504 | D:6      | Found a sacrificial altar of Ru.
  5709 | D:6      | Learned a level 4 spell: Fulminant Prism
  5710 | D:6      | Found a bloodstained altar of Trog.
  5797 | D:6      | Reached skill level 5 in Stealth
  5996 | D:6      | Found a shadowy altar of Dithmenos.
  6065 | D:6      | Reached skill level 5 in Dodging
  6671 | D:7      | Reached XP level 9. HP: 45/45 MP: 8/17
  6975 | D:7      | Reached skill level 1 in Fighting
  6975 | D:7      | Reached skill level 1 in Translocations
  7351 | D:7      | Found a snail-covered altar of Cheibriados.
  7599 | D:4      | Found a staircase to the Ecumenical Temple.
  7608 | Temple   | Entered the Ecumenical Temple
  8187 | D:8      | Found a stormy altar of Qazlal.
  8297 | D:8      | Learned a level 4 spell: Iskenderun's Mystic Blast
  8561 | D:8      | Shot with an arrow by a centaur

Illustrated notes

Levels and vault maps discovered:
D:1:      saegor_arrival_simple_b, layout_rooms, serial_glass, glass_columns_a,
          glass_columns_c, hellmonk_ecumenical_altar_crossroads, serial_shops,
          nicolae_shop_overgrown_old_shop, minmay_misc_feat_rows,
          lemuel_another_geyser
D:2:      layout_rooms, chequers_serial_rivers_micro_d,
          chequers_serial_rivers_small_b
D:3:      wad_lake_hut, layout_basic, nicolae_wu_jian_wuxing_cycle, uniq_jessica
D:4:      layout_gridville, chequers_temple_overflow_minitemple, temple_hall
D:5:      layout_basic, nicolae_overflow_crystal_walls, kennysheep_little_box,
          general_overflow_altar, minmay_misc_feat_more_columns,
          ebering_dispersal_statue_hall
D:6:      layout_rooms, nicolae_ru_awakened_eye, trog_ov_bears_minmay,
          mainiacjoe_overflow_alcove_4, nemelex_xobeh_ov_fountains_minmay,
          kennysheep_potato
D:7:      layout_basic, cheibriados_altar_1
D:8:      layout_loops_ring, mainiacjoe_overflow_alcove_1, kennysheep_cross_room
Temple:   nicolae_temple_ecumenical_triangle

Skill      XL: |  1  2  3  4  5  6  7  8  9 |
---------------+----------------------------+-----
Conjurations   | 5 6 7 9 |  9.9
Spellcasting   | 4 |  4.3
Hexes          | 2 4 5 |  5.3
Dodging        | 6 |  6.6
Stealth        | 7 |  7.2
Fighting       | 3 |  3.3
Translocations | 4 |  4.0

Action                   |  1- 3 |  4- 6 |  7- 9 || total
-------------------------+-------+-------+-------++-------
Melee: Dagger            |       |     2 |       ||     2
 Cast: Magic Dart        |    79 |    65 |    68 ||   212
       Searing Ray       |     1 |    18 |    26 ||    45
       Fulminant Prism   |       |       |    24 ||    24
  Use: Scroll            |       |     6 |     3 ||     9
       Potion            |       |       |     2 ||     2
Armor: Robe              |       |     5 |     5 ||    10
Dodge: Dodged            |     2 |    14 |    25 ||    41

Table legend: (Time is in decaauts)
 A = Elapsed time spent in this place.
 B = Non-inter-level travel time spent in this place.
 C = Inter-level travel time spent in this place.
 D = Time resting spent in this place.
 E = Time spent auto-exploring this place.
 F = Levels seen in this place.
 G = Mean time per level.
                   A        B        C        D        E       F      G
               +--------+--------+--------+--------+--------+-----+--------+
         Total |   8570 |   8258 |    312 |   2688 |   3386 |   9 |  952.2 |
       Dungeon |   8479 |   8167 |    312 |   2688 |   3348 |   8 | 1059.9 |
        Temple |     91 |     91 |      0 |      0 |     38 |   1 |   91.0 |
               +--------+--------+--------+--------+--------+-----+--------+

Top non-repeatable levels by time:
     D:4: 1680 daAuts
     D:5: 1518 daAuts
     D:6: 1285 daAuts
     D:1: 909 daAuts
     D:7: 884 daAuts
     D:3: 813 daAuts
     D:8: 741 daAuts
     D:2: 644 daAuts
  Temple: 91 daAuts
